[ AOE2 MATCH · #506245960 ]
UnrankedTurks vs Bulgarians
Player's team · WIN
Rival team · LOSS
[ REPLAY ANALYSIS · EXTRACTED FROM THE RECORDED GAME ]
Feudal
—
Castle
—
Imperial
—
| APM avg | 36.7 |
| APM peak | 82 |
| eAPM avg | 17.3 |
| Villagers / military | 102 / 73 |
Focus
⚔️ 25.3% · 🌾 74.7%
Janissary ×25 · Camel Scout ×20 · Archer ×8 · Scout Cavalry ×6 · Knight ×3 · Mangonel ×3
Feudal
—
Castle
—
Imperial
—
| APM avg | 43.3 |
| APM peak | 83 |
| eAPM avg | 19.3 |
| Villagers / military | 83 / 59 |
Focus
⚔️ 21.0% · 🌾 79.0%
Spearman ×26 · Skirmisher ×17 · Konnik ×11 · Militia ×2 · Trebuchet (Packed) ×2 · Battering Ram ×1
Match map
Initial resources + every placement click. Lines = walls · curves = elevation contours. ◆ gold · ⬟ stone · ● berries · ✦ relic · ◌ wall gap
Your base· ✓ Closed at 19:50 · 47t walls · no gate
Zarko's base· Open — opponent sealed themselves in
Smoothed initial terrain · ◌ = detected wall gap · hover for details
Inputs per minute
— fidelon33 - - Zarko
Build order — fidelon33
First 150 of 286 actions detected
| 0:01 | Queue | Villager (Male) |
| 0:01 | Queue | Villager (Male) |
| 0:01 | Queue | Villager (Male) |
| 0:02 | Queue | Villager (Male) |
| 0:03 | Build | House |
| 0:05 | Build | House |
| 1:28 | Queue | Villager (Male) |
| 1:28 | Queue | Villager (Male) |
| 1:28 | Queue | Villager (Male) |
| 2:19 | Queue | Villager (Male) |
| 2:19 | Queue | Villager (Male) |
| 2:20 | Queue | Villager (Male) |
| 2:47 | Queue | Villager (Male) |
| 2:47 | Queue | Villager (Male) |
| 2:47 | Queue | Villager (Male) |
| 3:02 | Queue | Villager (Male) |
| 3:02 | Queue | Villager (Male) |
| 3:47 | Queue | Villager (Male) |
| 3:47 | Queue | Villager (Male) |
| 3:47 | Queue | Villager (Male) |
| 3:55 | Queue | Villager (Male) |
| 3:55 | Queue | Villager (Male) |
| 3:55 | Queue | Villager (Male) |
| 4:07 | Build | House |
| 4:08 | Build | House |
| 4:18 | Build | Lumber Camp |
| 4:48 | Queue | Villager (Male) |
| 4:48 | Queue | Villager (Male) |
| 4:48 | Queue | Villager (Male) |
| 5:20 | Queue | Villager (Male) |
| 5:21 | Queue | Villager (Male) |
| 5:21 | Queue | Villager (Male) |
| 5:21 | Queue | Villager (Male) |
| 6:11 | Queue | Villager (Male) |
| 6:14 | Queue | Villager (Male) |
| 6:41 | Queue | Villager (Male) |
| 6:51 | Queue | Villager (Male) |
| 7:06 | Build | Mill |
| 7:33 | Research | Loom |
| 8:09 | Build | Farm |
| 8:11 | Build | Farm |
| 8:14 | Research | Feudal Age |
| 8:37 | Build | Lumber Camp |
| 9:09 | Queue | Villager (Male) |
| 9:09 | Queue | Villager (Male) |
| 9:21 | Build | Palisade Wall |
| 9:27 | Build | Palisade Wall |
| 9:31 | Build | Palisade Wall |
| 9:44 | Build | Barracks |
| 9:54 | Build | Palisade Wall |
| 10:00 | Build | Palisade Wall |
| 10:10 | Build | Palisade Wall |
| 10:14 | Build | House |
| 10:43 | Research | Double-Bit Axe |
| 10:47 | Build | House |
| 11:09 | Build | House |
| 11:11 | Build | Palisade Wall |
| 11:20 | Build | House |
| 11:21 | Queue | Villager (Male) |
| 11:21 | Queue | Villager (Male) |
| 11:25 | Build | Farm |
| 11:26 | Queue | Villager (Male) |
| 11:47 | Build | Watch Tower |
| 12:07 | Build | Blacksmith |
| 12:30 | Build | House |
| 12:52 | Queue | Villager (Male) |
| 12:58 | Build | Farm |
| 13:00 | Build | Farm |
| 13:01 | Build | Farm |
| 13:10 | Queue | Villager (Male) |
| 13:10 | Queue | Villager (Male) |
| 13:27 | Build | Farm |
| 13:29 | Queue | Villager (Male) |
| 13:37 | Build | Archery Range |
| 13:47 | Build | Farm |
| 14:14 | Queue | Archer |
| 14:15 | Queue | Archer |
| 14:23 | Build | Mining Camp |
| 14:24 | Queue | Villager (Male) |
| 14:30 | Build | Farm |
| 14:32 | Queue | Villager (Male) |
| 14:48 | Queue | Skirmisher |
| 15:17 | Queue | Villager (Male) |
| 15:23 | Queue | Archer |
| 15:34 | Build | Farm |
| 15:37 | Build | Farm |
| 15:39 | Build | Farm |
| 15:46 | Research | Fletching |
| 16:04 | Queue | Spearman |
| 16:09 | Build | House |
| 16:12 | Build | House |
| 16:19 | Queue | Archer |
| 16:21 | Queue | Villager (Male) |
| 16:22 | Queue | Villager (Male) |
| 16:29 | Build | Farm |
| 16:31 | Build | Farm |
| 16:35 | Build | Farm |
| 16:36 | Build | Farm |
| 16:37 | Build | Farm |
| 16:46 | Build | House |
| 17:06 | Queue | Villager (Male) |
| 17:06 | Queue | Villager (Male) |
| 17:13 | Build | Farm |
| 17:30 | Queue | Villager (Male) |
| 17:44 | Build | Farm |
| 17:47 | Build | Farm |
| 18:05 | Build | Farm |
| 18:07 | Build | Farm |
| 18:10 | Queue | Villager (Male) |
| 18:16 | Queue | Archer |
| 18:16 | Queue | Archer |
| 18:20 | Queue | Archer |
| 18:34 | Build | Market |
| 18:39 | Build | House |
| 18:43 | Research | Town Watch |
| 18:56 | Queue | Archer |
| 19:35 | Build | Palisade Wall |
| 19:50 | Research | Castle Age |
| 20:17 | Build | Stable |
| 20:32 | Research | Padded Archer Armor |
| 20:34 | Research | Scale Barding Armor |
| 20:41 | Research | Horse Collar |
| 20:57 | Research | Gold Mining |
| 21:14 | Queue | Scout Cavalry |
| 21:14 | Queue | Scout Cavalry |
| 21:19 | Queue | Scout Cavalry |
| 21:19 | Queue | Scout Cavalry |
| 21:54 | Research | Forging |
| 22:02 | Queue | Scout Cavalry |
| 22:09 | Queue | Villager (Male) |
| 22:09 | Queue | Villager (Male) |
| 22:14 | Queue | Villager (Male) |
| 23:23 | Queue | Scout Cavalry |
| 23:25 | Queue | Villager (Male) |
| 23:25 | Queue | Villager (Male) |
| 23:44 | Build | Town Center |
| 23:57 | Build | Town Center |
| 24:13 | Build | Siege Workshop |
| 24:27 | Research | Wheelbarrow |
| 25:09 | Queue | Villager (Male) |
| 25:09 | Queue | Villager (Male) |
| 25:15 | Queue | Villager (Male) |
| 25:15 | Queue | Villager (Male) |
| 25:19 | Queue | Villager (Male) |
| 25:19 | Queue | Villager (Male) |
| 25:21 | Queue | Mangonel |
| 25:35 | Queue | Villager (Male) |
| 25:35 | Queue | Villager (Male) |
| 25:35 | Queue | Villager (Male) |
| 25:35 | Queue | Villager (Male) |
Build order — Zarko
First 150 of 237 actions detected
| 0:01 | Queue | Villager (Male) |
| 0:02 | Queue | Villager (Male) |
| 0:03 | Build | House |
| 0:05 | Build | House |
| 0:12 | Queue | Villager (Male) |
| 0:12 | Queue | Villager (Male) |
| 0:12 | Queue | Villager (Male) |
| 1:34 | Queue | Villager (Male) |
| 1:34 | Queue | Villager (Male) |
| 1:34 | Queue | Villager (Male) |
| 2:01 | Queue | Villager (Male) |
| 2:02 | Queue | Villager (Male) |
| 2:02 | Queue | Villager (Male) |
| 2:38 | Queue | Villager (Male) |
| 2:38 | Queue | Villager (Male) |
| 2:38 | Queue | Villager (Male) |
| 3:07 | Queue | Villager (Male) |
| 3:08 | Queue | Villager (Male) |
| 3:08 | Queue | Villager (Male) |
| 3:31 | Queue | Villager (Male) |
| 3:31 | Queue | Villager (Male) |
| 3:56 | Queue | Villager (Male) |
| 4:05 | Build | House |
| 4:25 | Queue | Villager (Male) |
| 4:25 | Queue | Villager (Male) |
| 5:02 | Queue | Villager (Male) |
| 5:26 | Queue | Villager (Male) |
| 5:32 | Queue | Villager (Male) |
| 5:42 | Build | Mill |
| 5:55 | Queue | Villager (Male) |
| 6:43 | Research | Loom |
| 6:55 | Build | Lumber Camp |
| 7:31 | Research | Feudal Age |
| 7:53 | Build | House |
| 8:16 | Build | Barracks |
| 8:49 | Build | House |
| 8:50 | Build | House |
| 9:07 | Build | Palisade Wall |
| 9:29 | Queue | Militia |
| 9:29 | Queue | Militia |
| 9:45 | Queue | Villager (Male) |
| 9:45 | Queue | Villager (Male) |
| 9:45 | Queue | Villager (Male) |
| 10:54 | Queue | Villager (Male) |
| 10:54 | Queue | Villager (Male) |
| 11:00 | Build | Mining Camp |
| 11:27 | Build | Watch Tower |
| 11:59 | Research | Horse Collar |
| 12:10 | Queue | Villager (Male) |
| 12:10 | Queue | Villager (Male) |
| 12:38 | Build | House |
| 13:00 | Queue | Villager (Male) |
| 13:01 | Queue | Villager (Male) |
| 13:05 | Build | Blacksmith |
| 13:12 | Build | Farm |
| 13:12 | Build | Farm |
| 13:12 | Build | Farm |
| 13:32 | Build | Mining Camp |
| 13:40 | Queue | Villager (Male) |
| 13:44 | Build | Farm |
| 13:44 | Build | Farm |
| 13:44 | Build | Farm |
| 13:44 | Build | Farm |
| 13:45 | Build | Farm |
| 13:45 | Build | Farm |
| 13:45 | Build | Farm |
| 13:45 | Build | Farm |
| 13:45 | Build | Farm |
| 13:54 | Research | Forging |
| 14:16 | Build | Lumber Camp |
| 14:34 | Queue | Villager (Male) |
| 14:34 | Queue | Villager (Male) |
| 14:44 | Build | Farm |
| 14:54 | Build | Farm |
| 14:57 | Queue | Villager (Male) |
| 16:08 | Queue | Villager (Male) |
| 16:08 | Queue | Villager (Male) |
| 16:09 | Queue | Villager (Male) |
| 16:40 | Build | Farm |
| 16:53 | Build | Archery Range |
| 17:00 | Build | Farm |
| 17:05 | Build | Farm |
| 17:05 | Build | Farm |
| 17:06 | Build | Farm |
| 17:25 | Queue | Villager (Male) |
| 17:28 | Build | Farm |
| 17:38 | Build | Farm |
| 17:54 | Build | Farm |
| 17:55 | Queue | Villager (Male) |
| 18:24 | Build | Farm |
| 18:26 | Queue | Villager (Male) |
| 18:54 | Build | Farm |
| 18:55 | Queue | Villager (Male) |
| 19:09 | Build | House |
| 19:26 | Queue | Villager (Male) |
| 19:33 | Research | Castle Age |
| 19:33 | Research | Castle Age |
| 19:34 | Research | Castle Age |
| 20:03 | Queue | Skirmisher |
| 20:03 | Queue | Skirmisher |
| 20:03 | Queue | Skirmisher |
| 20:27 | Research | Fletching |
| 20:32 | Queue | Spearman |
| 20:32 | Queue | Spearman |
| 20:32 | Queue | Spearman |
| 20:47 | Queue | Skirmisher |
| 21:02 | Queue | Skirmisher |
| 21:03 | Queue | Skirmisher |
| 21:26 | Build | House |
| 21:28 | Build | House |
| 21:41 | Queue | Villager (Male) |
| 21:41 | Queue | Villager (Male) |
| 21:48 | Research | Double-Bit Axe |
| 21:52 | Research | Padded Archer Armor |
| 22:37 | Build | Krepost |
| 23:07 | Queue | Spearman |
| 23:07 | Queue | Spearman |
| 23:07 | Queue | Spearman |
| 23:08 | Queue | Spearman |
| 23:11 | Research | Iron Casting |
| 23:14 | Research | Scale Mail Armor |
| 23:16 | Queue | Villager (Male) |
| 23:16 | Queue | Villager (Male) |
| 23:16 | Queue | Villager (Male) |
| 23:16 | Queue | Villager (Male) |
| 23:27 | Build | Town Center |
| 23:30 | Queue | Villager (Male) |
| 23:30 | Queue | Villager (Male) |
| 23:59 | Build | House |
| 24:00 | Build | House |
| 24:20 | Queue | Spearman |
| 24:20 | Queue | Spearman |
| 24:25 | Research | Pikeman (upgrade) |
| 24:30 | Queue | Villager (Male) |
| 24:30 | Queue | Villager (Male) |
| 25:13 | Queue | Villager (Male) |
| 25:13 | Queue | Villager (Male) |
| 25:13 | Queue | Villager (Male) |
| 25:34 | Build | Town Center |
| 25:36 | Queue | Konnik |
| 25:36 | Queue | Konnik |
| 25:36 | Queue | Konnik |
| 26:02 | Research | Stone Mining |
| 26:19 | Build | Siege Workshop |
| 26:59 | Queue | Battering Ram |
| 27:02 | Build | Barracks |
| 27:22 | Queue | Konnik |
| 27:52 | Queue | Spearman |
| 27:52 | Queue | Spearman |
| 27:54 | Queue | Spearman |
Match timeline
| 8:16 | Zarko · first_building Barracks |
| 9:07 | Zarko · wall_segment Palisade Wall x14 |
| 9:21 | fidelon33 · wall_segment Palisade Wall x7 |
| 9:27 | fidelon33 · wall_segment Palisade Wall x11 |
| 9:31 | fidelon33 · wall_segment Palisade Wall x4 |
| 9:44 | fidelon33 · first_building Barracks |
| 9:54 | fidelon33 · wall_segment Palisade Wall x14 |
| 10:00 | fidelon33 · wall_segment Palisade Wall x6 |
| 10:10 | fidelon33 · wall_segment Palisade Wall x3 |
| 11:11 | fidelon33 · wall_segment Palisade Wall x1 |
| 13:37 | fidelon33 · first_building Archery Range |
| 16:53 | Zarko · first_building Archery Range |
| 19:35 | fidelon33 · wall_segment Palisade Wall x1 |
| 19:44 | fidelon33 · first_market_buy 100 food |
| 20:17 | fidelon33 · first_building Stable |
| 22:37 | Zarko · first_building Krepost |
| 24:13 | fidelon33 · first_building Siege Workshop |
| 26:19 | Zarko · first_building Siege Workshop |
| 30:42 | fidelon33 · first_building Castle |
| 39:21 | Zarko · first_building Castle |
| 42:07 | Zarko · resign |
[ AI ANALYSIS · 1 CREDIT ]
What really happened in this match?
Wolo.gg analyzes every decision: build order, eco, micro, common mistakes by bracket. Personalized analysis on WhatsApp or Discord in 30 seconds.
Civ guide
Turks
Perfil
Jugador #13707220